 Dungeon Crawl Stone Soup version 0.28-a0-48-gfd831c5874 (webtiles) character file.

Game seed: 5657836073307707357

77 lessens the Cudgeller (level 4, 0/48 HPs)
             Began as an Ogre Berserker on July 30, 2021.
             Was a Believer of Trog.
             Succumbed to an adder's poison
             ... on level 3 of the Dungeon.
             The game lasted 00:02:54 (2479 turns).

lessens the Cudgeller (Ogre Berserker)              Turns: 2479, Time: 00:02:54

Health: 0/48       AC:  3    Str: 22    XL:     4   Next: 34%
Magic:  4/4        EV: 10    Int:  8    God:    Trog [**....]
Gold:   100        SH:  0    Dex:  8    Spells: 3/3 levels left

rFire   . . .      SeeInvis .   h - +2 whip (venom)
rCold   . . .      Faith    .   (no shield)
rNeg    . . .      Spirit   .   b - +0 animal skin
rPois   .          Reflect  .   (helmet restricted)
rElec   .          Harm     .   (no cloak)
rCorr   .          Rampage  .   (gloves unavailable)
Will    .....                   (boots unavailable)
Stlth   +.........              (no amulet)
HPRegen 0.16/turn               (no ring)
MPRegen 0.09/turn               (no ring)

@: lethally poisoned (0 -> -11), attractive, flying
A: large, unfitting armour, tough skin 1
a: Renounce Religion, Berserk, Trog's Hand


You were on level 3 of the Dungeon.
You worshipped Trog.
Trog was pleased with you.
You visited 1 branch of the dungeon, and saw 3 of its levels.

You collected 100 gold pieces.

Inventory:

Hand Weapons
 a - a +0 mace
 h - a +2 whip of venom (weapon)
Missiles
 c - 27 stones (quivered)
 e - 2 javelins
Armour
 b - a +0 animal skin (worn)
Scrolls
 f - a scroll of teleportation {unknown}
 g - a scroll of brand weapon {unknown}
 i - a scroll of silence {unknown}
 k - a scroll of blinking {unknown}
 l - a scroll of identify {unknown}
Potions
 d - a potion of cancellation {unknown}


   Skills:
 - Level 4.0 Fighting
 + Level 4.6 Maces & Flails
 - Level 2.6 Dodging


You had 3 spell levels left.
You didn't know any spells.
Your spell library was empty.

Dungeon Overview and Level Annotations

Branches:
Dungeon (3/15)

Altars:


Innate Abilities, Weirdness & Mutations

You are too large for most types of armour.
You have tough skin. (AC +1)


Message History

You miss the adder.
The adder is heavily wounded.
You feel very sick. The adder bites you but does no damage.
The adder bites you.
You are too injured to fight recklessly!
You are too injured to fight recklessly!
You are too injured to fight recklessly!
You barely miss the adder.
The adder is heavily wounded.
You feel sick. The adder closely misses you.
You barely miss the adder.
The adder is heavily wounded.
You feel sick. The adder closely misses you.
You closely miss the adder.
The adder is severely wounded.
You feel sick. The adder bites you.
You are more poisoned.
The adder poisons you!
You barely miss the adder.
The adder is severely wounded.
You feel sick. The adder barely misses you.
You closely miss the adder.
The adder is severely wounded.
You feel sick.
The adder looks more healthy.
The adder bites you.
* * * LOW HITPOINT WARNING * * *
It was a potion of flight.
You feel very buoyant.
You fly up into the air.
* * * LOW HITPOINT WARNING * * *
You feel sick. The adder bites you.
* * * LOW HITPOINT WARNING * * *
It was a potion of attraction.
You feel attractive to monsters.
* * * LOW HITPOINT WARNING * * *
You feel sick. The adder barely misses you. The adder bites you.
* * * LOW HITPOINT WARNING * * *
You are more poisoned.
The adder poisons you!
d - a sedimented emerald potion You die...

#......#...##.#
..............#
.......>#.##..#
........#..#.##
..)........#.##
..............##
........#......##
........#.......###
...>..........#.@.#
...........†..###S......
................#..$....
(.#######.....###.......
..# #.....# ....... ...
##.#### ....$.. ##.# #.
....... .# #. ....... ..


You could see an adder.

Vanquished Creatures
  3 adders
  A dart slug (D:2)
  An orc (D:3)
  2 ball pythons
  7 endoplasms
  3 hobgoblins (D:2)
  4 jackals
  3 quokkas
  5 bats
  A frilled lizard (D:3)
  5 goblins
  7 kobolds
  2 rats (D:3)
44 creatures vanquished.

Notes
Turn   | Place    | Note
-------+----------+-------------------------------------------
     0 | D:1      | lessens the Ogre Berserker began the quest for the Orb.
     0 | D:1      | Reached XP level 1. HP: 24/24 MP: 1/1
    33 | D:1      | Found a faded altar of an unknown god.
   249 | D:1      | Reached XP level 2. HP: 32/32 MP: 2/2
   994 | D:2      | Reached XP level 3. HP: 38/39 MP: 3/3
  1061 | D:2      | Reached ** piety under Trog
  1760 | D:2      | Reached XP level 4. HP: 37/48 MP: 4/4
  1951 | D:2      | Found Zoqa Wel's Armour Shop.
  2478 | D:3      | HP: 1/48 [adder (2)]
  2479 | D:3      | Succumbed to an adder's poison

Illustrated notes

Levels and vault maps discovered:
D:1:      lightli_arrival_lavapool, layout_basic,
          hellmonk_ecumenical_altar_blasted
D:2:      layout_basic, serial_shops, nicolae_shop_statue_plus
D:3:      layout_rooms, mainiacjoe_overflow_swirl, serial_shops,
          nicolae_square_shop

Skill      XL: |  1  2  3 |
---------------+----------+-----
Maces & Flails | 3 4 |  4.6
Fighting       | |  4.0
Dodging        | |  2.6

Action                   |  1- 3 |  4- 6 || total
-------------------------+-------+-------++-------
Melee: Mace              |    78 |       ||    78
       Whip              |    23 |    39 ||    62
Throw: Stone             |     2 |       ||     2
Invok: Berserk           |     2 |       ||     2
  Use: Potion            |       |     2 ||     2
 Stab: Sleeping          |     2 |       ||     2
Armor: Animal skin       |    43 |    11 ||    54
Dodge: Dodged            |    76 |    13 ||    89

Table legend: (Time is in decaauts)
 A = Elapsed time spent in this place.
 B = Non-inter-level travel time spent in this place.
 C = Inter-level travel time spent in this place.
 D = Time resting spent in this place.
 E = Time spent auto-exploring this place.
 F = Levels seen in this place.
 G = Mean time per level.
                   A        B        C        D        E       F      G
               +--------+--------+--------+--------+--------+-----+--------+
         Total |   2503 |   2431 |     72 |      0 |   2039 |   3 |  834.3 |
       Dungeon |   2503 |   2431 |     72 |      0 |   2039 |   3 |  834.3 |
               +--------+--------+--------+--------+--------+-----+--------+

Top non-repeatable levels by time:
     D:2: 1321 daAuts
     D:1: 977 daAuts
     D:3: 204 daAuts
